 Dungeon Crawl Stone Soup version 0.19.1-1-g22dce08 (webtiles) character file.

44 Lahna the Cudgeler (level 3, 0/23 HPs)
             Began as a Gargoyle Fighter on Jan 18, 2017.
             Slain by a goblin
             ... wielding a +0 dagger
             ... led by Robin
              (1 damage)
             ... on level 2 of the Dungeon.
             The game lasted 00:02:00 (658 turns).

Lahna the Cudgeler (Gargoyle Fighter)                Turns: 658, Time: 00:02:01

Health: 0/23       AC: 10    Str: 24    XL:     3   Next: 62%
Magic:  3/3        EV:  7    Int:  8    God:
Gold:   45         SH:  9    Dex: 10    Spells: 0 memorised, 2 levels left

rFire  . . .     SeeInvis .     a - +0 flail
rCold  . . .     Gourm    .     b - +0 scale mail
rNeg   + . .     Faith    .     c - +0 shield
rPois  ∞         Spirit   .     (no helmet)
rElec  +         Reflect  .     (no cloak)
rCorr  .         Harm     .     (no gloves)
MR     .....                    (no boots)
Stlth  ..........               (no amulet)
                                (no ring)
                                (no ring)

@: mighty
A: negative energy resistance 1, electricity resistance, unbreathing,
petrification resistance, rot immunity, AC +3
a: no special abilities


You were on level 2 of the Dungeon.
You were not hungry.

You visited 1 branch of the dungeon, and saw 2 of its levels.

You collected 45 gold pieces.

Inventory:

Hand Weapons
 a - a +0 flail (weapon)
Armour
 b - a +0 scale mail (worn)
 c - a +0 shield (worn)
Jewellery
 p - an uncursed ring of stealth {unknown}
Scrolls
 m - a scroll of remove curse {unknown}
 n - a scroll of blinking {unknown}
 o - 2 scrolls of identify {unknown}
Potions
 e - a potion of haste {unknown}
 i - a potion of ambrosia {unknown}
 j - a potion of lignification {unknown}
 k - a potion of flight {unknown}
 l - 2 potions of cancellation {unknown}
Comestibles
 f - 2 bread rations
 g - 9 chunks of flesh
 h - a slice of pizza


   Skills:
 - Level 3.2 Fighting
 + Level 3.9 Maces & Flails
 - Level 3.2 Armour
 - Level 3.2 Shields


You had 2 spell levels left.
You didn't know any spells.

Dungeon Overview and Level Annotations

Branches:
Dungeon (2/15)

Altars:

Annotations:
D:2 Robin


Innate Abilities, Weirdness & Mutations

You are resistant to torment.
Your stone body is resilient. (AC +3)
You are immune to poison.
You resist negative energy. (rN+)
You are resistant to electric shocks. (rElec)
You can survive without breathing.
You are immune to petrification.
You are immune to rotting.


Message History

The jackal bites you but does no damage.
You hit the jackal.
You kill the jackal!
The goblin hits you but does no damage.
The worm moves out of view.
You closely miss the hobgoblin. The goblin closely misses you.
The hobgoblin barely misses you. The goblin closely misses you.
You block the goblin's attack.
You hit the hobgoblin.
The hobgoblin is almost dead.
The hobgoblin hits you with a club.
* * * LOW HITPOINT WARNING * * *
You block the goblin's attack. The goblin barely misses you.
The goblin hits you but does no damage. The hobgoblin hits you with a club.
* * * LOW HITPOINT WARNING * * *
Unknown command.
You sock the hobgoblin!
You kill the hobgoblin!
The goblin no longer looks unusually strong.
The goblin hits you but does no damage. The goblin hits you with a dagger.
You die...

.......
.......
#......
#......
..... ..#
...
#....#S###
#...g<@#
##.#ggg#
##gg#


ggg# ..... ....... ...#.... ....##.#.. You could see Robin, an adder, 3
hobgoblins and 5 goblins.

Vanquished Creatures
  A gnoll (D:1)
  A dart slug (D:1)
  6 bats (D:1)
  A giant cockroach (D:1)
  8 hobgoblins
  2 jackals (D:2)
  A kobold (D:1)
  5 goblins
  2 rats
27 creatures vanquished.

Notes
Turn   | Place    | Note
-------+----------+-------------------------------------------
     0 | D:1      | Lahna the Gargoyle Fighter began the quest for the Orb.
     0 | D:1      | Reached XP level 1. HP: 14/14 MP: 1/1
   145 | D:1      | Reached XP level 2. HP: 19/19 MP: 2/2
   261 | D:1      | Reached XP level 3. HP: 15/23 MP: 3/3
   647 | D:2      | Noticed Robin
   657 | D:2      | HP: 1/23 [hobgoblin/club[Robin] (1)]
   658 | D:2      | Slain by a goblin

Skill      XL: |  1  2 |
---------------+-------+-----
Maces & Flails | 3 |  3.9
Fighting       | |  3.2
Armour         | |  3.2
Shields        | |  3.2

Action                   || total
-------------------------++-------
Melee: Flail             ||   104
  Use: Potion            ||     1
Armor: Scale mail        ||    63
Dodge: Dodged            ||    37
Block: Shield            ||    74
